 Dungeon Crawl Stone Soup version 0.29-a0-330-g52719c12eb (webtiles) character file.

Game seed: 17697034361955424038

71 thiscave3701365 the Skirmisher (level 4, 0/41 HPs)
             Began as a Hill Orc Berserker on Apr 12, 2022.
             Was a Follower of Trog.
             Slain by Robin
             ... wielding a +0 spear
              (2 damage)
             ... on level 2 of the Dungeon.
             The game lasted 00:01:31 (1875 turns).

thiscave3701365 the Skirmisher (Hill Orc Berserker) Turns: 1875, Time: 00:01:32

Health: 0/41       AC:  2    Str: 21    XL:     4   Next: 24%
Magic:  4/4        EV: 12    Int:  7    God:    Trog [*.....]
Gold:   78         SH:  0    Dex: 16    Spells: 3/3 levels left

rFire   . . .      SeeInvis +   h - +6 trident "Yhusag" {speed, SInv}
rCold   . . .      Faith    .   (no shield)
rNeg    . . .      Spirit   .   b - +0 animal skin
rPois   .          Reflect  .   (no helmet)
rElec   .          Harm     .   (no cloak)
rCorr   .          Rampage  .   (no gloves)
Will    .....                   (no boots)
Stlth   ++........              (no amulet)
HPRegen 0.13/turn               e - +6 ring of dexterity
MPRegen 0.09/turn               (no ring)

@: on berserk cooldown, slowed, very slow
A: no striking features
a: Renounce Religion, Berserk


You were on level 2 of the Dungeon.
You worshipped Trog.
Trog was aware of your devotion.
You visited 1 branch of the dungeon, and saw 2 of its levels.

You collected 78 gold pieces.

Inventory:

Hand Weapons
 a - a +0 falchion
 h - the +6 trident "Yhusag" (weapon) {speed, SInv}
   (You found it on level 2 of the Dungeon)

   Attacks with this weapon are significantly faster.
   SInv:      It lets you see invisible.
Armour
 b - a +0 animal skin (worn)
Jewellery
 e - a +6 ring of dexterity (left hand)
Scrolls
 c - 2 scrolls of amnesia {unknown}
 d - a scroll of vulnerability {unknown}
 f - 2 scrolls of teleportation {unknown}
 g - 2 scrolls of noise {unknown}
 i - a scroll of identify {unknown}


   Skills:
 + Level 4.5 Fighting
 + Level 4.5 Long Blades
 + Level 2.3 Armour
 + Level 1.8 Dodging
 + Level 0.2 Stealth


You had 3 spell levels left.
You didn't know any spells.
Your spell library was empty.

Dungeon Overview and Level Annotations

Branches:
Dungeon (2/15)

Altars:

Annotations:
D:2 Robin


Message History

The goblin barely misses you. The hobgoblin barely misses you.
You hit the goblin.
You kill the goblin!
Trog accepts your kill.
Robin roars a battlecry!
The goblins go into a battle-frenzy!
You hit the goblin.
You kill the goblin!
Trog accepts your kill. The hobgoblin misses you.
Robin throws the goblin at you! The hobgoblin hits you.
* * * LOW HITPOINT WARNING * * *
The goblin misses you. The hobgoblin closely misses you.
The goblin closely misses you. The hobgoblin barely misses you.
You aren't carrying any potions.
You puncture the goblin!
You kill the goblin!
Trog accepts your kill. The hobgoblin barely misses you.
The hobgoblin hits you but does no damage.
The hobgoblin barely misses you.
You hit the hobgoblin.
The hobgoblin is almost dead.
The hobgoblin hits you.
* * * LOW HITPOINT WARNING * * *
The hobgoblin closely misses you.
You completely miss the hobgoblin.
The hobgoblin is almost dead.
The hobgoblin misses you. Robin barely misses you.
The hobgoblin barely misses you. x2
The hobgoblin hits you but does no damage.
Robin hits you from afar with a +0 spear.
* * * LOW HITPOINT WARNING * * *
The hobgoblin closely misses you.
You hit the hobgoblin.
You kill the hobgoblin!
Trog accepts your kill. The hobgoblin closely misses you. x2
Robin hits you from afar with a +0 spear.
You die...

.?...........+..))).......
............###.#..g..#..
............###..#.g.....
#.###..).........##....#.
#.#...)..........# ....#
#.#.#..†......... ....#
#######.#.#.....).g.#.#
...#
#.........#.....gg(.#.#
...#
#.........#....)@g..#.#
#...........#.#.....#.#
#........##.#.#.....#.#
............#.#.....#
...####.#..(.....#.##
.................#..
................!##.#
.................. .#
.................


You could see Robin, 2 hobgoblins and a goblin (strong).

Vanquished Creatures
  A jelly (D:2)
  An adder (D:2)
  5 bats
  2 endoplasms (D:1)
  10 goblins (D:2)
  3 hobgoblins
  2 quokkas (D:1)
  3 ball pythons
  3 kobolds
  3 rats (D:1)
33 creatures vanquished.

Notes
Turn   | Place    | Note
-------+----------+-------------------------------------------
     0 | D:1      | thiscave3701365 the Hill Orc Berserker began the quest for
                  | the Orb.
     0 | D:1      | Reached XP level 1. HP: 19/19 MP: 1/1
   463 | D:1      | Reached XP level 2. HP: 18/27 MP: 2/2
  1540 | D:2      | Reached XP level 3. HP: 16/34 MP: 3/3
  1797 | D:2      | Identified the +6 trident "Yhusag" {speed, SInv}
  1844 | D:2      | Noticed Robin
  1854 | D:2      | Reached XP level 4. HP: 40/41 MP: 4/4
  1874 | D:2      | HP: 2/41 [Robin/+0 spear (2)]
  1875 | D:2      | Slain by Robin

Illustrated notes

Levels and vault maps discovered:
D:1:      noname_arrival_rooms_in_the_neighbourhood, layout_basic
D:2:      layout_basic, uniq_robin

Skill      XL: |  1  2 |
---------------+-------+-----
Fighting       | 4 |  4.5
Long Blades    | 4 |  4.5
Armour         | |  2.3
Dodging        | |  1.8
Stealth        | |  0.2

Action                   |  1- 3 |  4- 6 || total
-------------------------+-------+-------++-------
Melee: Falchion          |    75 |     5 ||    80
       Trident           |       |     6 ||     6
Invok: Berserk           |     2 |       ||     2
Armor: Animal skin       |    15 |     5 ||    20
Dodge: Dodged            |    45 |    24 ||    69

Table legend: (Time is in decaauts)
 A = Elapsed time spent in this place.
 B = Non-inter-level travel time spent in this place.
 C = Inter-level travel time spent in this place.
 D = Time resting spent in this place.
 E = Time spent auto-exploring this place.
 F = Levels seen in this place.
 G = Mean time per level.
                   A        B        C        D        E       F      G
               +--------+--------+--------+--------+--------+-----+--------+
         Total |   1899 |   1877 |     22 |     31 |   1640 |   2 |  949.5 |
       Dungeon |   1899 |   1877 |     22 |     31 |   1640 |   2 |  949.5 |
               +--------+--------+--------+--------+--------+-----+--------+

Top non-repeatable levels by time:
     D:1: 1415 daAuts
     D:2: 483 daAuts
